 Dungeon Sprint DCSS version 0.17-a0-1714-g35622ae (webtiles) character file.

800000 ztt the Spry (level 11, -6/108 HPs)
             Began as a Deep Dwarf Gladiator on Aug 23, 2015.
             Was an Initiate of Makhleb.
             Mangled by a bag of meat
             ... wielding a +9 war axe
              (23 damage)
             ... in the Dungeon (Sprint VIII: "Arena of Blood").
             The game lasted 00:00:20 (8 turns).

ztt the Spry (Deep Dwarf Gladiator)                    Turns: 8, Time: 00:00:20

Health: -6/108     AC:  4    Str: 23    XL:     11   Next: 71%
Magic:  11/11      EV: 23    Int:  8    God:    Makhleb [......]
Gold:   0          SH:  0    Dex: 13    Spells: 0 memorised, 10 levels left

rFire  . . .     SeeInvis .     m - +∞ Axe of Woe
rCold  . . .     Clarity  .     b - +0 leather armour
rNeg   . . .     SustAt   .     (no shield)
rPois  .         Gourm    .     c - +0 helmet
rElec  .         Spirit   .     (no cloak)
rCorr  .         Warding  .     (no gloves)
rMut   .         NoTele   +     (no boots)
MR     +....                    (no amulet)
Stlth  +.........               (no ring)
                                (no ring)

@: non-regenerating, somewhat resistant to hostile enchantments, very unstealthy
A: damage resistance, recharge devices, sense surroundings 2, slow healing 3
a: Device Recharging, Renounce Religion


You were in the Dungeon.
You worshipped Makhleb.
Makhleb was noncommittal.
You were not hungry.

You visited 1 branch

Inventory:

Hand weapons
 a - a +0 war axe
 m - the +∞ Axe of Woe (weapon)
   (You found it in the Dungeon)
Missiles
 d - 3 throwing nets (quivered)
Armour
 b - a +0 leather armour (worn)
 c - a +0 helmet (worn)
Magical devices
 e - a wand of heal wounds (5)
Scrolls
 l - a scroll of blinking
Potions
 g - a potion of curing
 h - a potion of heal wounds
 i - a potion of haste
 j - 2 potions of magic
 k - a potion of berserk rage
Comestibles
 f - a bread ration


   Skills:
 + Level 9.9 Fighting
 + Level 19.1 Axes
 + Level 9.1 Throwing
 + Level 19.1 Dodging


You had 10 spell levels left.
You didn't know any spells.

Dungeon Overview and Level Annotations

Branches:
Dungeon (1/1)

Altars:
Makhleb


Innate Abilities, Weirdness & Mutations

You are resistant to damage.
You can recharge devices by infusing magical energy.
You passively map the area around you.
You do not heal naturally.


Message History

You have reached level 6!
Your experience leads to an increase in your attributes!
Increase (S)trength, (I)ntelligence, or (D)exterity?
You feel stronger.
You have reached level 7!
You have reached level 8!
You feel stronger.
You have reached level 9!
Your experience leads to an increase in your attributes!
Increase (S)trength, (I)ntelligence, or (D)exterity?
You feel stronger.
Your attunement to dungeon structure grows.
You have reached level 10!
You have reached level 11!
You hear a shout! x5
The bag of meat hits you with a +9 war axe!!
* * * LOW HITPOINT WARNING * * *
You hear a shout!
The bag of meat hits you with a +9 war axe!!
You die...

, , , , #..,
,..#,,,,,
,,....###...,
..###. , ,
.........###......
, ,.#........_.....
.......#.....# ,, ,
.......#o.<._# ,. ,
* ,,
.......#.....#....
,
,.#......o._.......
, ,
......)@o###......
, , ,
....###.o.....###.
. ,, #.......# , ,
, ,, , #.......# ,
, , , .......... ,
........... * , ,
,, * ,,
.....o....., *
,,,...........# , *
, , * , , *


You could see 5 bags of meat.

Vanquished Creatures
  An orc (D)
1 creature vanquished.

Notes
Turn   | Place    | Note
--------------------------------------------------------------
     0 | D        | ztt the Deep Dwarf Gladiator began the quest for the Orb.
     0 | D        | Reached XP level 1. HP: 19/19 MP: 1/1
     3 | D        | Noticed a bag of meat
     3 | D        | Noticed a bag of meat
     3 | D        | Noticed a bag of meat
     4 | D        | Noticed a bag of meat
     4 | D        | Became a worshipper of Makhleb the Destroyer
     7 | D        | Noticed a bag of meat
     8 | D        | Killed a bag of meat
     8 | D        | Reached skill level 9 in Fighting
     8 | D        | Reached skill level 19 in Axes
     8 | D        | Reached XP level 2. HP: 21/42 MP: 2/2
     8 | D        | Reached XP level 3. HP: 24/49 MP: 3/3
     8 | D        | Reached XP level 4. HP: 27/56 MP: 4/4
     8 | D        | Reached XP level 5. HP: 30/63 MP: 5/5
     8 | D        | Reached XP level 6. HP: 34/72 MP: 6/6
     8 | D        | Reached XP level 7. HP: 36/78 MP: 7/7
     8 | D        | Reached XP level 8. HP: 39/86 MP: 8/8
     8 | D        | Gained mutation: You passively map the area around you. [Deep Dwarf growth]
     8 | D        | Reached XP level 9. HP: 42/93 MP: 9/9
     8 | D        | Reached XP level 10. HP: 46/102 MP: 10/10
     8 | D        | Reached XP level 11. HP: 48/108 MP: 11/11
     8 | D        | Mangled by a bag of meat

Vault maps used:
D:        meatsprint

Action                   |  1- 3 |  4- 6 |  7- 9 | 10-12 || total
-------------------------+-------+-------+-------+-------++-------
Melee: Executioner's axe |     1 |       |       |       ||     1
